 Dungeon Crawl Stone Soup version 0.28.0-53-g5a82cb258f (webtiles) character file.

Game seed: 9537539093464347824

1 Descartes the Grasshopper (level 1, 0/10 HPs)
             Began as a Spriggan Warper on May 24, 2022.
             Slain by a hobgoblin (1 damage)
             ... on level 1 of the Dungeon.
             The game lasted 00:00:48 (124 turns).

Descartes the Grasshopper (Spriggan Warper)          Turns: 124, Time: 00:00:49

Health: 0/10       AC:  2    Str:  7    XL:     1   Next: 16%
Magic:  5/5        EV: 17    Int: 14    God:
Gold:   26         SH:  0    Dex: 14    Spells: 5/5 levels left

rFire   . . .      SeeInvis +   a - +0 short sword
rCold   . . .      Faith    .   (no shield)
rNeg    . . .      Spirit   .   b - +0 robe
rPois   .          Reflect  .   (helmet restricted)
rElec   .          Harm     .   (no cloak)
rCorr   .          Rampage  .   (gloves unavailable)
Will    .....                   (boots unavailable)
Stlth   +.........              (no amulet)
HPRegen 0.03/turn               (no ring)
MPRegen 0.09/turn               (no ring)

@: very quick
A: very small, no large weapons, unfitting armour, see invisible, speed 3
a: no special abilities


You were on level 1 of the Dungeon.
You visited 1 branch of the dungeon, and saw 1 of its levels.

You collected 26 gold pieces.

Inventory:

Hand Weapons
 a - a +0 short sword (weapon)
Missiles
 d - 5 boomerangs of dispersal (quivered)
 e - 31 stones
Armour
 b - a +0 robe (worn)
Scrolls
 c - a scroll of blinking


   Skills:
 - Level 1.5 Fighting
 + Level 2.2 Short Blades
 - Level 1.0 Throwing
 + Level 3.2 Dodging
 + Level 0.1 Stealth
 + Level 2.7 Spellcasting
 - Level 4.4 Translocations


You had 5 spell levels left.
You didn't know any spells.
Your spell library contained the following spells:

 Spells                   Type           Power      Damage    Failure   Level
 Blink                    Tloc           28%        N/A       5%          2
 Gell's Gravitas          Tloc           14%        N/A       11%         3
 Lesser Beckoning         Tloc           14%        N/A       11%         3
 Teleport Other           Tloc           14%        N/A       11%         3
 Manifold Assault         Tloc           14%        N/A       69%         5


Dungeon Overview and Level Annotations

Branches:
Dungeon (1/15)

Altars:


Innate Abilities, Weirdness & Mutations

You are very small and have problems with some larger weapons.
You are too small for most types of armour.
You have supernaturally acute eyesight. (SInv)
You cover ground extremely quickly. (Speed+++)


Message History

The heart of this dungeon contains the incredible artefact, the Orb of Zot.
Press ? for a list of commands and other information.
Found a staircase leading out of the dungeon.
You now have 12 gold pieces.
You now have 17 gold pieces (gained 5).
Found 31 stones.
Unknown command.
Found a leather armour.
Unknown command.
e - 31 stones You see here a +0 leather armour.
You now have 26 gold pieces (gained 9).
You open the door.
A kobold and a rat come into view.
You don't know any spells.
A bat and a hobgoblin come into view.
There is an open door here.
The hobgoblin shouts!
The kobold shouts!
You hit the rat.
The rat is severely wounded.
The rat closely misses you. The bat misses you.
You hit the rat.
You kill the rat!
The bat misses you. The kobold barely misses you. The bat barely misses you.
There is an open door here.
The bat barely misses you.
You hit the bat.
You kill the bat!
Unknown command.
The hobgoblin closely misses you.
You barely miss the hobgoblin. The hobgoblin barely misses you.
You barely miss the hobgoblin. The hobgoblin hits you.
You hit the hobgoblin but do no damage. The hobgoblin hits you.
Ouch! That really hurt!
You barely miss the hobgoblin. The hobgoblin hits you.
* * * LOW HITPOINT WARNING * * *
You hit the hobgoblin but do no damage. The hobgoblin hits you.
You die...

#.#.# #.....#.# #.
#.#.#####....##.#
#.
#.#.......#.###..
.. #.#########.#
### ## #.# #.#
###.##### #+##
#.......# #...##
#.#..#..###.....##
#.#.#.#@##.......#
#.....#g#.........
#......K'.........
#.......#.........
###.#.####.......#
###.# ##.....## ..
#...## #. #+## #.


You could see a hobgoblin and a kobold.

Vanquished Creatures
  A bat (D:1)
  A rat (D:1)
2 creatures vanquished.

Notes
Turn   | Place    | Note
-------+----------+-------------------------------------------
     0 | D:1      | Descartes the Spriggan Warper began the quest for the Orb.
     0 | D:1      | Reached XP level 1. HP: 10/10 MP: 5/5
   124 | D:1      | Slain by a hobgoblin

Illustrated notes

Levels and vault maps discovered:
D:1:      dpeg_arrival_round_b, layout_loops_corners

Action                   || total
-------------------------++-------
Melee: Short sword       ||     8
Dodge: Dodged            ||     8
